 Dungeon Crawl Stone Soup version 0.17-a0-1954-g0dddeaa (webtiles) character file.

4785 4thArraOfDagon the Grappler (level 10, -8/91 HPs)
             Began as a Troll Air Elementalist on Oct 3, 2015.
             Was a Believer of Cheibriados.
             Mangled by an ice beast (9 damage)
             ... on level 9 of the Dungeon.
             The game lasted 00:12:25 (2379 turns).

4thArraOfDagon the Grappler (TrAE)                  Turns: 2379, Time: 00:12:26

Health: -8/91      AC:  5    Str: 22    XL:     10   Next: 24%
Magic:  4/11       EV: 11    Int: 18    God:    Cheibriados [**....]
Gold:   244        SH:  0    Dex: 14    Spells: 2 memorised, 7 levels left

rFire  . . .     SeeInvis .       - Unarmed
rCold  . . .     Clarity  .     a - +0 robe
rNeg   . . .     SustAt   .     (no shield)
rPois  .         Gourm    +     (helmet restricted)
rElec  .         Spirit   .     (no cloak)
rCorr  .         Warding  .     (gloves unavailable)
rMut   .         Stasis   .     (boots unavailable)
MR     .....                    (no amulet)
Stlth  ++........               (no ring)
                                (no ring)

@: repel missiles, very slow, not resistant to hostile enchantments, unstealthy
A: unfitting armour, claws 3, fast metabolism 3, gourmand, regeneration 2,
shaggy fur 1, tough skin 2
a: Bend Time, Renounce Religion


You were on level 9 of the Dungeon.
You worshipped Cheibriados.
Cheibriados was pleased with you.
You were very full.

You visited 2 branches of the dungeon, and saw 10 of its levels.

You collected 244 gold pieces.

Inventory:

Hand weapons
 b - a +0 giant spiked club
 k - a +0 giant club
 p - the +1 eveningstar "Brilliance" {holy, rN+ AC+5 Int+5}
   (You found it on level 6 of the Dungeon)

   It has been blessed by the Shining One to cause great damage to the undead
   and demons.
   It affects your AC (+5).
   It affects your intelligence (+5).
   It protects you from negative energy.
Missiles
 l - 2 tomahawks of returning (quivered)
 v - a throwing net
Armour
 a - a +0 robe (worn)
Magical devices
 o - a wand of polymorph (0)
 s - a wand of frost (30)
Scrolls
 e - a scroll of blinking
Potions
 g - a potion of flight
Books
 n - a book of Geomancy

   Spells                             Type                      Level
   a - Sandblast                      Earth                        1
   b - Stoneskin                      Transmutation/Earth          2
   c - Passwall                       Transmutation/Earth          3
   d - Stone Arrow                    Conjuration/Earth            3
   e - Petrify                        Transmutation/Earth          4
   f - Lee's Rapid Deconstruction     Earth                        5
Comestibles
 c - 5 bread rations
 d - a meat ration
 r - 3 fruits
 u - 7 beef jerkies


   Skills:
 + Level 3.1 Fighting
 + Level 3.5 Dodging
 - Level 1.1 Stealth
 * Level 12.8 Unarmed Combat
 - Level 1.2 Spellcasting
   Level 0.6 Conjurations
 - Level 2.0 Air Magic
 + Level 3.6 Invocations


You had 7 spell levels left.
You knew the following spells:

 Your Spells              Type           Power        Failure   Level  Hunger
a - Stoneskin             Trmt/Erth      #.......     34%         2    ###....
b - Repel Missiles        Chrm/Air       #.....       21%         2    ###....


Dungeon Overview and Level Annotations

Branches:
Dungeon (9/15)             Temple (1/1) D:5
   Lair: D:8-11         Orc: D:9-12

Altars:
Cheibriados
Elyvilon
Fedhas
Makhleb
Nemelex Xobeh
Qazlal
Zin

Annotations:
D:9 Grum


Innate Abilities, Weirdness & Mutations

You are too large for most types of armour.
You have claws for hands.
Your metabolism is lightning-fast.
You like to eat raw meat.
You heal very quickly.
You are covered in fur (AC +1).
You have very tough skin (AC +2).


Message History

* * * LOW HITPOINT WARNING * * *
You scratch the ice beast.
The ice beast is moderately wounded.
The ice beast hits you.
* * * LOW HITPOINT WARNING * * *
The ice beast freezes you!
* * * LOW HITPOINT WARNING * * *
Unknown command.
Use which ability?
The flow of time bends around you.
Cheibriados rebukes the ice beast.
The ice beast seems to slow down.
You feel slightly less full.
Unknown command.
Unknown command.
You completely miss the ice beast.
The ice beast is moderately wounded.
The ice beast hits you.
* * * LOW HITPOINT WARNING * * *
The ice beast freezes you!
You die...

#...............
###......Y......
#.............
#.............
#.............
#######........#####
#.....)....#####....
#...Y#####.# .......
###@.# #.# .....##
#..# #.##... #. #..#
#..#. #. #..#
#..#######.
#..###+#..........
#.................
#................)
####..............
#.....#+##+###.


You could see an ice beast.

Vanquished Creatures
  Pikel (D:7)
  A deep elf mage (D:9)
  4 yaks (D:9)
  Edmund (D:6)
  A hippogriff (D:8)
  2 porcupines (D:9)
  2 ice beasts
  A wolf (D:9)
  4 phantoms
  An orc warrior (D:8)
  A sky beast (D:6)
  2 centaurs
  2 slaves (D:7)
  8 ogres
  4 giant frogs
  A wyvern skeleton (D:7)
  12 killer bees
  5 hounds
  2 orc priests (D:6)
  3 giant frog zombies
  3 orc wizards
  Terence (D:3)
  2 iguanas
  A worker ant (D:7)
  A hound skeleton (D:4)
  2 gnolls (D:6)
  5 adders
  An adder skeleton (D:4)
  A worm (D:2)
  A giant gecko (D:2)
  12 orcs
  A ball python (D:7)
  3 goblins
  2 hobgoblins
  4 kobolds (D:2)
  A quokka (D:9)
  2 bats
  A giant cockroach (D:5)
  A giant cockroach zombie (D:6)
  2 giant newts (D:4)
  A quokka zombie (D:7)
  A rat (D:2)
107 creatures vanquished.

Vanquished Creatures (others)
  A slave (D:7)
  An adder (D:7)
2 creatures vanquished.

Grand Total: 109 creatures vanquished

Notes
Turn   | Place    | Note
--------------------------------------------------------------
     0 | D:1      | 4thArraOfDagon the Troll Air Elementalist began the quest for the Orb.
     0 | D:1      | Reached XP level 1. HP: 16/16 MP: 1/1
    56 | D:2      | Reached skill level 1 in Unarmed Combat
    68 | D:2      | Reached XP level 2. HP: 15/24 MP: 2/2
   179 | D:3      | Reached XP level 3. HP: 27/31 MP: 3/3
   208 | D:3      | Noticed Terence
   233 | D:3      | Killed Terence
   233 | D:3      | Reached skill level 3 in Unarmed Combat
   270 | D:4      | Reached XP level 4. HP: 26/39 MP: 4/4
   281 | D:4      | Noticed a phantom
   333 | D:4      | Killed a phantom
   333 | D:4      | Reached skill level 5 in Unarmed Combat
   333 | D:4      | Reached XP level 5. HP: 18/45 MP: 5/5
   412 | D:4      | Noticed an ogre
   417 | D:4      | Killed an ogre
   421 | D:4      | Reached XP level 6. HP: 53/53 MP: 6/6
   435 | D:4      | Learned a level 2 spell: Repel Missiles
   455 | D:4      | Reached skill level 6 in Unarmed Combat
   456 | D:4      | Noticed an ogre
   481 | D:4      | Killed an ogre
   608 | D:5      | Entered Level 5 of the Dungeon
   621 | D:6      | Reached skill level 7 in Unarmed Combat
   646 | D:6      | Noticed Edmund
   686 | D:6      | Killed Edmund
   686 | D:6      | Reached XP level 7. HP: 18/59 MP: 7/7
   762 | D:6      | Learned a level 2 spell: Stoneskin
   782 | D:6      | Reached skill level 8 in Unarmed Combat
   919 | D:7      | Reached skill level 9 in Unarmed Combat
   944 | D:7      | Reached XP level 8. HP: 51/67 MP: 8/8
  1043 | D:7      | Reached skill level 10 in Unarmed Combat
  1077 | D:7      | Noticed Pikel
  1135 | D:7      | Killed Pikel
  1135 | D:7      | Reached skill level 11 in Unarmed Combat
  1308 | D:6      | Reached XP level 9. HP: 41/74 MP: 9/9
  1427 | D:5      | Found a staircase to the Ecumenical Temple.
  1433 | Temple   | Entered the Ecumenical Temple
  1443 | Temple   | Became a worshipper of Cheibriados the Contemplative
  1583 | D:7      | Found a glowing silver altar of Zin.
  1648 | D:8      | Reached skill level 1 in Invocations
  1704 | D:8      | Found a stormy altar of Qazlal.
  1712 | D:8      | Reached skill level 1 in Fighting
  1718 | D:8      | Reached skill level 12 in Unarmed Combat
  1789 | D:8      | Acquired Cheibriados's first power
  1923 | D:9      | Gained mutation: You expend magic power (3 MP) to strengthen your wands. [potion of mutation]
  1923 | D:9      | Gained mutation: You are dopey. (Int -2) [potion of mutation]
  1923 | D:9      | Gained mutation: You are somewhat resistant to further mutation. [potion of mutation]
  2174 | D:9      | Reached XP level 10. HP: 62/88 MP: 11/11
  2179 | D:9      | Lost mutation: You expend magic power (3 MP) to strengthen your wands. [potion of cure mutation]
  2179 | D:9      | Lost mutation: You are dopey. (Int -2) [potion of cure mutation]
  2179 | D:9      | Lost mutation: You are somewhat resistant to further mutation. [potion of cure mutation]
  2180 | D:9      | :(
  2183 | D:9      | Noticed Grum
  2377 | D:9      | HP: 3/91 [ice beast (14)]
  2379 | D:9      | HP: 1/91 [ice beast (3)]
  2379 | D:9      | Mangled by an ice beast

Vault maps used:
D:1:      lemuel_arrival_hallway, lemuel_old_faithful
D:2:      first_bread
D:3:      minmay_misc_feat_nine_boxes, uniq_sigmund, uniq_terence
D:5:      minmay_temple_entry_butterflies
D:6:      st_stairs_1, serial_park_tiny_pond, uniq_edmund, uniq_menkaure
D:7:      zin_academy, grunt_ogre_cave, uniq_pikel
D:8:      dpeg_lair_monsters, basic_altar
D:9:      uniq_grum, uniq_psyche
Temple:   grunt_wide_crystal_templ_18

Action                   |  1- 3 |  4- 6 |  7- 9 | 10-12 || total
-------------------------+-------+-------+-------+-------++-------
Melee: Unarmed           |    78 |    82 |   217 |    47 ||   424
Throw: Tomahawk          |       |       |       |     2 ||     2
 Cast: Repel Missiles    |       |     1 |       |       ||     1
Invok: Bend Time         |       |       |       |     3 ||     3
Evoke: Wand              |       |       |     5 |       ||     5
  Use: Scroll            |       |       |    10 |     3 ||    13
       Potion            |       |       |     7 |     2 ||     9
 Stab: Sleeping          |       |       |     1 |       ||     1
  Eat: Chunk             |     6 |     5 |    14 |     1 ||    26
